 Dungeon Crawl Stone Soup version 0.31-a0-108-gdf935468f2 (webtiles) character file.

Game seed: 15873239471924760811

123286 Sobieck the Devastator (level 16, -5/93 HPs)
             Began as a Tengu Conjurer on May 27, 2023.
             Was a High Priest of Vehumet.
             Killed from afar by a shock serpent (21 damage)
             ... with a bolt of electricity
             ... on level 1 of the Snake Pit.
             The game lasted 01:10:33 (33029 turns).

Sobieck the Devastator (Tengu Conjurer)            Turns: 33029, Time: 01:10:34

Health: -5/93      AC: 13    Str:  8    XL:     16   Next: 90%
Magic:  17/36      EV: 19    Int: 32    God:    Vehumet [*****.]
Gold:   2194       SH:  0    Dex: 13    Spells: 18/45 levels left

rFire   . . .        g - staff of poison "Gecs" {rPois rC+ Will+ rCorr}
rCold   + + .        J - crystal ball of Wucad Mu {*channel}
rNeg    . . .        m - +2 robe {rC+}
rPois   +            P - +1 hat
rElec   .            s - +2 cloak {rCorr}
rCorr   +            O - +0 pair of gloves
SInv    .            (boots unavailable)
Will    ++...        L - amulet of magic regeneration
Stlth   ++           o - +4 ring of protection
HPRegen 0.35/turn    w - +6 ring of intelligence
MPRegen 0.65/turn

%: channel magic (40%)
@: flying quickly and evasively, very slightly contaminated, quick
A: beak, talons 3, nimble flight
a: Renounce Religion


You were on level 1 of the Snake Pit.
You worshipped Vehumet.
Vehumet was extremely pleased with you.
You visited 5 branches of the dungeon, and saw 25 of its levels.
You also visited: Sewer.

You collected 2361 gold pieces.
You spent 167 gold pieces at shops.

Inventory:

Missiles
 F - 2 curare-tipped darts
 Z - a throwing net
Armour
 e - a +1 robe
 m - a +2 robe of cold resistance (worn)
 s - a +2 cloak of preservation (worn)
 t - the +4 scale mail of the Delicate God {-Cast rN+ Dex+7}
   (You found it on level 5 of the Lair of Beasts)

   Dex:       It affects your dexterity (+7).
   rN:        It protects you from negative energy.
   -Cast:     It prevents spellcasting.
 J - the crystal ball of Wucad Mu (worn) {*channel}
   (You found it on level 5 of the Lair of Beasts)

   *Channel:  It often returns the magic spent to cast spells, but lowers their
   success rate.
   It always returns the magic spent on miscasts.
 O - a +0 pair of gloves (worn)
 P - a +1 hat (worn)
Magical Staves
 g - the staff of poison "Gecs" (weapon) {rPois rC+ Will+ rCorr}
   (You found it on level 1 of the Lair of Beasts)

   [staff of poison]

   Base accuracy: +5 Base damage: 5 Base attack delay: 1.2 This weapon's minimum
   attack delay (0.6) is reached at skill level 12.
   rC:        It protects you from cold.
   rPois:     It protects you from poison.
   rCorr:     It protects you from acid and corrosion.
   Will:      It increases your willpower.
   It falls into the 'Staves' category.
   It is a one-handed weapon.
Jewellery
 c - a ring of protection from cold
 o - a +4 ring of protection (left hand)
 r - an amulet of regeneration
 w - a +6 ring of intelligence (right hand)
 C - an amulet of reflection
 I - an amulet of guardian spirit
 L - an amulet of magic regeneration (around neck)
Wands
 a - a wand of acid (8)
 v - a wand of roots (15)
 A - a wand of polymorph (7)
 V - a wand of flame (2)
Scrolls
 b - 7 scrolls of blinking
 f - 2 scrolls of poison
 h - 2 scrolls of fear
 y - a scroll of vulnerability
 B - 4 scrolls of enchant weapon
 E - 3 scrolls of amnesia
 G - 3 scrolls of torment
 K - a scroll of fog
 M - a scroll of magic mapping
 N - 2 scrolls of immolation
 R - 2 scrolls of identify
 T - 6 scrolls of teleportation
Potions
 d - 3 potions of magic
 i - 6 potions of mutation
 j - 3 potions of attraction
 k - 5 potions of heal wounds
 l - 6 potions of enlightenment
 n - 3 potions of lignification
 p - 3 potions of might
 q - 2 potions of resistance
 u - 2 potions of ambrosia
 x - 3 potions of invisibility
 z - 4 potions of brilliance
 D - a potion of berserk rage
 H - 6 potions of haste
 Q - 10 potions of curing
Miscellaneous
 U - a phial of floods


   Skills:
 + Level 8.3 Fighting
 + Level 9.3 Dodging
 - Level 2.0 Stealth
 - Level 15.0 Spellcasting
 - Level 19.0 Conjurations
 - Level 3.0 Hexes
 - Level 3.0 Translocations
 - Level 5.0 Transmutations
 - Level 11.0 Fire Magic
 - Level 16.0 Air Magic


You had 18 spell levels left.
You knew the following spells:

 Your Spells              Type           Power      Damage    Failure   Level
a - Magic Dart            Conj           100%       1d8       1%          1
b - Plasma Beam           Fire/Air       42%        2x1d61    1%          6
c - Fulminant Prism       Conj/Hex       38%        3d17      1%          4
d - Iskenderun's Mystic   Conj/Tloc      76%        2d15      1%          4
e - Orb of Destruction    Conj           49%        9d13      1%          7
f - Irradiate             Conj/Tmut      39%        3d24      1%          5

Your spell library contained the following spells:

 Spells                   Type           Power      Damage    Failure   Level
 Arcjolt                  Conj/Air       47%        1d57      1%          5
 Foxfire                  Conj/Fire      100%       2x1d9     1%          1
 Momentum Strike          Conj/Tloc      100%       3d10      1%          2
 Searing Ray              Conj           100%       2d8       1%          2
 Dazzling Flash           Conj/Hex       100%       N/A       1%          3
 Inner Flame              Hex/Fire       62%        N/A       1%          3
 Mephitic Cloud           Conj/Pois/Air  99%        N/A       1%          3
 Swiftness                Air            90%        N/A       1%          3
 Fireball                 Conj/Fire      44%        3d18      1%          5
 Iskenderun's Battlesphe  Conj           98%        2d14      1%          5
 Conjure Ball Lightning   Conj/Air       47%        3x3d16    1%          6
 Starburst                Conj/Fire      44%        6d12      1%          6
 Passwall                 Tmut/Erth      33%        N/A       5%          2
 Ensorcelled Hibernation  Hex/Ice        66%        N/A       7%          2
 Tukima's Dance           Hex            43%        N/A       7%          3
 Yara's Violent Unravell  Hex/Tmut       24%        3d11      7%          5
 Summon Small Mammal      Summ           96%        N/A       8%          1
 Call Imp                 Summ           48%        N/A       10%         2
 Summon Guardian Golem    Hex/Summ       33%        N/A       11%         3
 Cause Fear               Hex            21%        N/A       16%         4
 Passage of Golubria      Tloc           43%        N/A       16%         4
 Anguish                  Hex/Necr       16%        N/A       24%         4
 Lehudib's Crystal Spear  Conj/Erth      35%        10d9      65%         8
 Enfeeble                 Hex            21%        N/A       100%        7
 Dragon's Call            Summ           12%        N/A       100%        9


Dungeon Overview and Level Annotations

Branches:
Dungeon (15/15)            Temple (1/1) D:7            Lair (5/5) D:8
  Swamp (0/4) Lair:2        Snake (2/4) Lair:3        Slime (0/5) Lair:4
    Orc (2/2) D:11            Elf (0/3) Orc:2        Vaults (0/5) D:14
 Depths (0/4) D:15          Sewer (visited)

Altars:
Ashenzari
Cheibriados
Dithmenos
Elyvilon
Fedhas
Gozag
Hepliaklqana
Kikubaaqudgha
Makhleb
Nemelex Xobeh
Okawaru
Qazlal
Ru
Sif Muna
Trog
Uskayaw
Vehumet
Wu Jian
Xom
Yredelemnul
Zin
The Shining One
Jiyva

Shops:
D:1 [   D:5 [   D:6 (   Orc:1 ?   Orc:2 **[([

Portals:
Abyss: Lair:2

Annotations:
D:4 1 runed translucent door, bungle's ghost, amateur BaHu
D:8 exclusion: downstairs
D:14 3 runed translucent doors, Imiczer's ghost, journeyman FoFi; Jiolyugh's ghost, journeyman GrEE; Xanau's ghost, journeyman FoFi
Lair:2 2 transporters, Takou's ghost, journeyman AtFi


Innate Abilities, Weirdness & Mutations

You have a beak for a mouth.
You have claws for feet.
Your magical nature lets you fly swiftly and evasively.


Message History

The bolt of lightning hits the shock serpent.
The shock serpent completely resists.
The shock serpent is severely wounded.
The fiery plasma hits the shock serpent!
The shock serpent is severely wounded.
Magical energy flows into your mind!
You hear an angry hiss. x4
The shock serpent shoots out a bolt of lightning at you!
The bolt of electricity hits you! x2; The naga mage barely misses you.
Unknown command.
The bolt of lightning misses the shock serpent.
The fiery plasma misses the shock serpent.
The naga mage gestures wildly while chanting.
The naga mage seems to speed up.
Unknown command.
The bolt of lightning misses the shock serpent.
The fiery plasma hits the shock serpent!
You kill the shock serpent!
Vehumet accepts your kill.
You feel your power returning. Magical energy flows into your mind!
The air sparks with electricity, shocking you!
You hear an angry hiss.
A shock serpent comes into view.
The naga mage hits you from afar with a +0 halberd of flaming.
The naga mage burns you.
The shock serpent completely misses you.
Unknown command.
The naga mage completely misses you.
The shock serpent bites you but does no damage.
The naga mage hits you from afar with a +0 halberd of flaming!
The naga mage burns you.
You fly upwards.
There is a stone staircase leading down here.
Unknown command.
Unknown command.
Unknown command.
Unknown command.
Casting: Plasma Beam (dangerous; 1% risk of failure)
Confirm with . or Enter, or press ? or * to list all spells.
You erupt in a fountain of uncontrolled magic!
The shock serpent is blasted with magical radiation!!!
The shock serpent is severely wounded.
You are very lightly contaminated with residual magic.
The shock serpent's electric aura discharges, shocking you!
The shock serpent closely misses you.
The shock serpent shoots out a bolt of lightning at you!
The bolt of electricity hits you!!
* * * LOW HITPOINT WARNING * * *
The bolt of electricity hits you!!
You die...

##........#####'####
############.......#
############.......#
)))).##...##.......#
##)..##...##.......#
##...##...##.....).#
##...##....'.......#
.'...##...##.......#
##...##...##...S@..#
#######...##########
#######....#########
.............##....#
(............##....#
.............##....#
.............##....#
.............##....#
#######......##....#


You could see a shock serpent.

Vanquished Creatures
  Kirke (D:15)
  Donald (Orc:2)
  A stone giant (D:15)
  Nessos (D:12)
  Azrael (D:12)
  Josephine (Lair:3)
  A rakshasa (D:14)
  3 vault guards (D:14)
  4 hydras
  5 ogre magi
  Erica (D:10)
  A catoblepas (D:15)
  3 centaur warriors
  3 anacondas (Snake:1)
  A merfolk avatar (Lair:5)
  A naga warrior (Snake:1)
  A death knight (D:13)
  12 death yaks
  3 boulder beetles
  22 two-headed ogres
  5 tengu warriors
  5 shock serpents
  2 skysharks (Lair:5)
  5 naga sharpshooters (Snake:1)
  9 skeletal warriors
  A deep elf archer (D:14)
  A naga ritualist (Snake:1)
  A phantasmal warrior (D:13)
  3 orc knights
  A harpy (Lair:5)
  A deep elf pyromancer (D:13)
  2 mana vipers (Snake:1)
  2 orc sorcerers
  6 cyclopes
  5 oklob plants
  11 ugly things
  13 elephants
  2 salamanders (Snake:1)
  A manticore (D:13)
  Maurice (D:12)
  12 black mambas
  A water nymph (shapeshifter) (D:15)
  A naga mage (Snake:1)
  A gargoyle (D:12)
  3 kobold demonologists (D:12)
  2 unseen horror zombies (D:8)
  4 rime drakes
  A tengu conjurer (D:14)
  13 cane toads
  6 yaktaurs
  2 freezing wraiths
  12 komodo dragons
  5 trolls
  6 wind drakes (Lair:5)
  6 polar bears
  A hornet (D:9)
  21 blink frogs
  8 dream sheep
  12 slime creatures
  5 wyverns
  8 wraiths
  2 fire elementals (D:12)
  33 yaks
  7 hogs (D:15)
  A hog (shapeshifter) (D:13)
  2 basilisks (Lair:2)
  2 steam dragons
  2 vampire mosquitoes (D:11)
  A warg (D:11)
  An acid dragon (D:10)
  7 nagas (Snake:1)
  9 water moccasins
  18 orc warriors
  A sky beast (D:7)
  4 hell hounds (D:12)
  A meliai simulacrum (D:14)
  An ice beast (D:8)
  A swamp drake (D:11)
  9 centaurs
  29 ogres
  4 wolves (Lair:1)
  7 kobold brigands
  19 bullfrogs
  A gnoll sergeant (D:12)
  A necrophage (D:8)
  8 scorpions
  9 wights
  7 killer bees (D:10)
  6 howler monkeys
  2 lava snakes
  3 centaur zombies (D:8)
  2 hounds
  A human zombie (D:8)
  A jelly (D:7)
  17 orc priests
  5 sleepcaps
  2 iguanas
  22 orc wizards
  A killer bee zombie (D:8)
  A mummy (D:8)
  Robin (D:1)
  12 gnolls
  12 adders
  2 shadow imps (D:8)
  2 ufetubi
  3 worms
  5 dart slugs
  74 orcs
  18 endoplasms
  12 giant cockroaches
  18 goblins
  10 hobgoblins
  4 jackals (D:1)
  32 kobolds
  11 quokkas
  18 ball pythons
  10 bats
  13 frilled lizards
  6 rats
  A butterfly (Lair:1)
788 creatures vanquished.

Vanquished Creatures (others)
  A kobold (D:12)
  70 fulminant prisms
71 creatures vanquished.

Grand Total: 859 creatures vanquished

Notes
Turn   | Place    | Note
-------+----------+-------------------------------------------
     0 | D:1      | Sobieck the Tengu Conjurer began the quest for the Orb.
     0 | D:1      | Reached XP level 1. HP: 10/10 MP: 4/4
   219 | D:1      | Found a faded altar of an unknown god.
   235 | D:1      | Reached XP level 2. HP: 15/15 MP: 1/6
   417 | D:1      | Learned a level 2 spell: Searing Ray
   563 | D:1      | Found Duoraori's Antique Armour Shoppe.
   569 | D:1      | Reached skill level 6 in Conjurations
   687 | D:1      | Reached XP level 3. HP: 9/19 MP: 1/7
  1615 | D:2      | Reached XP level 4. HP: 24/24 MP: 5/9
  1729 | D:2      | Noticed Robin
  1753 | D:1      | Killed Robin
  1836 | D:2      | Reached skill level 3 in Spellcasting
  1958 | D:2      | Reached skill level 7 in Conjurations
  2645 | D:3      | Gained mutation: Your magical nature lets you fly swiftly
                  | and evasively. [Tengu growth]
  2645 | D:3      | Reached XP level 5. HP: 28/28 MP: 6/10
  2878 | D:3      | Reached skill level 8 in Conjurations
  3021 | D:3      | Found a glowing golden altar of the Shining One.
  3036 | D:3      | Reached XP level 6. HP: 32/32 MP: 9/12
  3171 | D:3      | Found a glowing drain.
  3192 | D:3      | Learned a level 4 spell: Iskenderun's Mystic Blast
  3206 | Sewer    | Entered a sewer
  3314 | Sewer    | Learned a level 4 spell: Fulminant Prism
  4046 | Sewer    | Reached skill level 1 in Hexes
  4046 | Sewer    | Reached skill level 1 in Translocations
  4046 | Sewer    | Reached XP level 7. HP: 32/36 MP: 7/14
  4243 | D:3      | Found a snail-covered altar of Cheibriados.
  4247 | D:3      | Found a burning altar of Makhleb.
  4284 | D:3      | Reached skill level 9 in Conjurations
  4324 | D:3      | Found an ornate altar of the Wu Jian Council.
  4569 | D:4      | Identified a scroll of acquirement
  4569 | D:4      | Acquired Vehumet's Papyrus of Impulse
  4835 | D:4      | Found a hazy altar of Hepliaklqana.
  4896 | D:4      | Found a runed translucent door.
  4896 | D:4      | Noticed bungle's ghost (amateur BaHu)
  5054 | D:4      | Got Icvir's Codex of the Putrid Escort
  5221 | D:5      | Entered Level 5 of the Dungeon
  5565 | D:5      | Reached XP level 8. HP: 41/41 MP: 10/15
  5785 | D:5      | Found Geishric's Armour Emporium.
  6115 | D:1      | Bought an embroidered cloak for 127 gold pieces
  6238 | D:6      | Reached skill level 10 in Conjurations
  6819 | D:6      | Found Jamoghuo's Antique Weapon Boutique.
  6958 | D:6      | Found a glowing silver altar of Zin.
  7435 | D:7      | Found a staircase to the Ecumenical Temple.
  7474 | Temple   | Entered the Ecumenical Temple
  7519 | Temple   | Became a worshipper of Vehumet
  7605 | D:7      | Reached skill level 11 in Conjurations
  7605 | D:7      | Reached skill level 3 in Translocations
  7672 | D:7      | Reached skill level 3 in Hexes
  7773 | D:7      | Learned a level 5 spell: Iskenderun's Battlesphere
  7946 | D:7      | Reached XP level 9. HP: 45/45 MP: 8/17
  8039 | D:7      | Reached skill level 12 in Conjurations
  8764 | D:8      | Found a staircase to the Lair.
  8794 | D:8      | Found a stormy altar of Qazlal.
  9121 | D:8      | You are sucked into a shaft and drop 3 floors!
  9155 | D:11     | Reached skill level 13 in Conjurations
  9251 | D:11     | Found an ornate altar of the Wu Jian Council.
  9394 | D:10     | Entered Level 10 of the Dungeon
  9414 | D:10     | Noticed Erica
  9434 | D:10     | Killed Erica
  9435 | D:10     | Reached skill level 14 in Conjurations
  9616 | D:10     | Noticed a troll
  9620 | D:10     | Killed a troll
  9621 | D:10     | Reached skill level 15 in Conjurations
  9828 | D:8      | Reached XP level 10. HP: 50/50 MP: 12/18
  9830 | D:8      | Reached * piety under Vehumet
  9830 | D:8      | Offered knowledge of Kiss of Death by Vehumet.
 10322 | D:8      | Found an ancient bone altar of Kikubaaqudgha.
 10327 | D:8      | Reached skill level 16 in Conjurations
 11037 | D:8      | Reached skill level 17 in Conjurations
 11042 | D:8      | Reached ** piety under Vehumet
 11042 | D:8      | Offered knowledge of Shock by Vehumet.
 11045 | D:8      | Reached skill level 6 in Spellcasting
 11369 | D:9      | Noticed a two-headed ogre
 11734 | D:9      | Found a broken altar of Ashenzari.
 11816 | D:9      | Killed a two-headed ogre
 11960 | D:9      | Found a bloodstained altar of Trog.
 11966 | D:9      | Reached XP level 11. HP: 54/54 MP: 14/22
 11974 | D:9      | Learned a level 7 spell: Orb of Destruction
 12024 | D:9      | Offered knowledge of Poisonous Vapours by Vehumet.
 12121 | D:9      | Reached skill level 18 in Conjurations
 12615 | D:9      | Found a basalt altar of Yredelemnul.
 12653 | D:9      | Reached *** piety under Vehumet
 13289 | D:10     | Offered knowledge of Stone Arrow by Vehumet.
 13777 | D:10     | Found a hide-covered altar of Uskayaw.
 13778 | D:10     | Found a sacrificial altar of Ru.
 14298 | D:11     | Reached **** piety under Vehumet
 14656 | D:11     | Found a staircase to the Orcish Mines.
 14770 | D:11     | Noticed a cyclops
 14795 | D:11     | Killed a cyclops
 14796 | D:11     | Reached skill level 19 in Conjurations
 14796 | D:11     | Reached skill level 1 in Fighting
 14871 | D:11     | Reached skill level 3 in Dodging
 15278 | Lair:1   | Entered Level 1 of the Lair of Beasts
 15848 | Lair:1   | Reached skill level 3 in Fighting
 16039 | Lair:1   | Reached XP level 12. HP: 68/68 MP: 17/25
 16196 | Lair:1   | Offered knowledge of Frozen Ramparts by Vehumet.
 16198 | Lair:1   | Reached skill level 6 in Dodging
 16642 | Lair:1   | Noticed a five-headed hydra
 16647 | Lair:1   | Killed a five-headed hydra
 16648 | Lair:1   | Reached skill level 9 in Spellcasting
 16712 | Lair:1   | Identified the staff of poison "Gecs" {rPois rC+ Will+
                  | rCorr}
 16900 | Lair:2   | Found a staircase to the Swamp.
 16924 | Lair:2   | Found a transporter.
 16929 | Lair:2   | Found a transporter.
 16983 | Lair:2   | Noticed a boulder beetle
 16988 | Lair:2   | Killed a boulder beetle
 17009 | Lair:2   | Found a one-way gate to the infinite horrors of the Abyss.
 17009 | Lair:2   | Noticed Takou's ghost (journeyman AtFi)
 17199 | Lair:2   | Learned a level 5 spell: Irradiate
 17335 | Lair:2   | Noticed a hell hog
 17354 | Lair:2   | Noticed a rakshasa
 18412 | Lair:3   | Reached skill level 6 in Fighting
 18791 | Lair:3   | Reached skill level 1 in Transmutations
 18958 | Lair:3   | Noticed Josephine
 18979 | Lair:3   | Killed Josephine
 18980 | Lair:3   | Reached XP level 13. HP: 76/76 MP: 18/28
 18984 | Lair:3   | Reached skill level 3 in Transmutations
 19569 | Lair:3   | Reached ***** piety under Vehumet
 19806 | Lair:3   | Found a staircase to the Snake Pit.
 19867 | Lair:4   | Offered knowledge of Plasma Beam by Vehumet.
 20105 | Lair:3   | Learned a level 6 spell: Plasma Beam
 20181 | Lair:4   | Reached skill level 1 in Air Magic
 20391 | Lair:4   | Reached skill level 3 in Air Magic
 20457 | Lair:4   | Found a staircase to the Slime Pits.
 21190 | Lair:5   | Entered Level 5 of the Lair of Beasts
 21296 | Lair:5   | Reached skill level 6 in Air Magic
 21815 | Lair:5   | Reached skill level 9 in Air Magic
 22496 | Lair:5   | Reached XP level 14. HP: 82/82 MP: 21/29
 22559 | Lair:5   | Reached skill level 12 in Air Magic
 22559 | Lair:5   | Reached skill level 1 in Fire Magic
 22826 | Lair:5   | Reached skill level 3 in Fire Magic
 22873 | Lair:5   | Identified the +4 scale mail of the Delicate God {-Cast rN+
                  | Dex+7}
 23298 | Lair:5   | Found the crystal ball of Wucad Mu {*channel}
 23507 | Lair:5   | Reached skill level 6 in Fire Magic
 23616 | Lair:5   | Offered knowledge of Ozocubu's Refrigeration by Vehumet.
 25404 | Lair:5   | Reached skill level 9 in Fire Magic
 25834 | Orc:1    | Entered Level 1 of the Orcish Mines
 26262 | Orc:1    | Found Duunuthe's Magic Scroll Shoppe.
 26515 | Orc:2    | Entered Level 2 of the Orcish Mines
 26563 | Orc:2    | Noticed Donald
 26574 | Orc:2    | Killed Donald
 26732 | Orc:2    | Reached XP level 15. HP: 86/86 MP: 25/30
 26739 | Orc:2    | Offered knowledge of Conjure Ball Lightning by Vehumet.
 26772 | Orc:2    | Reached skill level 15 in Air Magic
 27022 | Orc:2    | Found Muwnunnogao's CLEARANCE SALE!.
 27030 | Orc:2    | Bought a potion of haste for 40 gold pieces
 27133 | Orc:2    | Found a staircase to the Elven Halls.
 27258 | Orc:2    | Found Coemohurch's General Store.
 27258 | Orc:2    | Found Qioprigu's Weapon Shop.
 27259 | Orc:2    | Found Licenkej's Armour Shop.
 27259 | Orc:2    | Found Doddath's Antique Armour Shoppe.
 27836 | D:12     | Noticed Azrael
 27840 | D:12     | Killed Azrael
 28072 | D:12     | Noticed Nessos
 28074 | D:12     | Killed Nessos
 28108 | D:12     | Noticed Maurice
 28110 | D:12     | Killed Maurice
 28972 | D:13     | Reached skill level 12 in Spellcasting
 29229 | D:13     | Offered knowledge of Arcjolt by Vehumet.
 29480 | D:14     | Reached XP level 16. HP: 92/92 MP: 23/33
 29828 | D:14     | Found a gate to the Vaults.
 29923 | D:14     | Found a runed translucent gate.
 29923 | D:14     | Found a runed translucent gate.
 29923 | D:14     | Found a runed translucent gate.
 29925 | D:14     | Found an ancient bone altar of Kikubaaqudgha.
 29925 | D:14     | Noticed a lich
 29925 | D:14     | Noticed a lich
 29925 | D:14     | Noticed Imiczer's ghost (journeyman FoFi)
 29925 | D:14     | Noticed Jiolyugh's ghost (journeyman GrEE)
 29926 | D:14     | Noticed Xanau's ghost (journeyman FoFi)
 30320 | D:15     | Entered Level 15 of the Dungeon
 30938 | D:15     | Noticed Kirke
 30942 | D:15     | Killed Kirke
 30992 | D:15     | Found a white marble altar of Elyvilon.
 31300 | D:15     | Found a staircase to the Depths.
 31612 | Snake:1  | Entered Level 1 of the Snake Pit
 31851 | Snake:1  | Reached skill level 15 in Spellcasting
 32584 | Snake:1  | Reached skill level 9 in Dodging
 33029 | Snake:1  | Killed from afar by a shock serpent

Illustrated notes

Levels and vault maps discovered:
D:1:      eino_arrival_water_star, layout_basic,
          dreamdust_ecumenical_altar_angels_and_demons, serial_shops, shop,
          minmay_tetromino_i2
D:2:      layout_basic, serial_bayou, serial_bayou_lagoon_a,
          serial_bayou_pond_b, serial_bayou_ford_a, serial_bayou_shore_b,
          uniq_robin
D:3:      layout_basic, mainiacjoe_overflow_brackets,
          grunt_temple_overflow_open, lemuel_round_altar, gup_sewer_entry_glass,
          minmay_pentomino_pile
D:4:      layout_rooms, mainiacjoe_overflow_tiny_flanked,
          hellmonk_ghost_happy_afterlife
D:5:      layout_cave_pools, serial_shops, shop
D:6:      layout_basic, nicolae_overflow_hidden_temple, serial_shops, shop
D:7:      layout_loops_ring, minmay_temple_entry_overgrown,
          eino_small_chamber_without_monster
D:8:      layout_basic, mainiacjoe_overflow_24_doors,
          lemuel_mausoleum_altar_kikubaaqudgha
D:9:      layout_cave_pools, trog_butcher_becter,
          mainiacjoe_overflow_catch_the_wave
D:10:     minmay_goldmine, layout_loops_corners, nicolae_overflow_two_pavilions,
          uniq_erica
D:11:     layout_irregular_city, erik_orc_1, minmay_misc_feat_square,
          nzn_wu_jian_contemplation
D:12:     layout_loops_cross, lemuel_flamethrower_2, uniq_azrael, uniq_maurice,
          uniq_nessos
D:13:     layout_big_octagon
D:14:     layout_loops_ring, grunt_vaults_entry_fortified, gammafunk_ghost_crypt
D:15:     grunt_enter_depths_snipers, layout_loops_ring,
          nicolae_elyvilon_peaceful_grove, uniq_kirke
Temple:   pf_slimified_temple
Lair:1:   cheibrodos_lair_river_kwai, layout_cave_pods,
          chequers_serial_rivers_micro_a, lemuel_fruit_fields,
          lemuel_fruit_tree, infiniplex_staircase_pool, grunt_megastairs_3,
          lemuel_fruit_fields
Lair:2:   layout_layer_cave, swamp_mist_pool, gammafunk_ghost_abyssal_escape,
          wad_woods_road_06, nzn_sisyphean_effort
Lair:3:   layout_regular_city, guppyfry_snake_entry_island, uniq_josephine
Lair:4:   layout_cave_pods, minmay_slime_entry_oklob_open, lemuel_fruit_fields,
          infiniplex_staircase_pool_2
Lair:5:   gammafunk_lair_ancient_temple, layout_small_grid, dpeg_oklob_1
Snake:1:  layout_grid_maze
Snake:2:  layout_cave_town, hangedman_snake_corridor_cut, uniq_nikola,
          uniq_aizul, uniq_vashnia
Orc:1:    layout_caves, serial_shops, nicolae_shop_just_a_little_nook
Orc:2:    st_orc_ogre_mass, layout_caves, basic_altar, nicolae_shop_clearance,
          uniq_donald

Skill      XL: |  1  2  3  4  5  6  7  8  9 10 11 12 13 14 15 16 |
---------------+-------------------------------------------------+-----
Conjurations   | 6 7 8 9 11 15 17 19 | 19.0
Spellcasting   | 3 4 5 7 8 10 12 15 | 15.0
Hexes          | 1 3 |  3.0
Translocations | 1 2 3 |  3.0
Fighting       | 5 7 8 |  8.3
Dodging        | 5 8 9 |  9.3
Transmutations | 2 5 |  5.0
Air Magic      | 11 14 16 | 16.0
Fire Magic     | 10 11 | 11.0
Stealth        | |  2.0

Action                     |  1- 3 |  4- 6 |  7- 9 | 10-12 | 13-15 | 16-18 || total
---------------------------+-------+-------+-------+-------+-------+-------++-------
  Melee: Unarmed           |       |     4 |       |     1 |       |       ||     5
         Kick              |       |     2 |       |       |       |       ||     2
         Peck              |       |     1 |       |       |       |       ||     1
   Cast: Magic Dart        |    68 |   145 |   125 |   244 |   119 |       ||   701
         Searing Ray       |     3 |     7 |    17 |       |       |       ||    27
         Iskenderun's Myst |       |     1 |     9 |    33 |    21 |       ||    64
         Fulminant Prism   |       |       |    13 |    49 |     8 |       ||    70
         Iskenderun's Batt |       |       |    18 |    62 |    29 |       ||   109
         Orb of Destructio |       |       |       |    17 |    62 |     2 ||    81
         Irradiate         |       |       |       |     1 |    17 |     1 ||    19
         Plasma Beam       |       |       |       |       |   251 |   144 ||   395
    Use: Scroll            |       |       |    11 |     7 |     9 |     1 ||    28
         Potion            |       |       |     2 |       |     2 |       ||     4
 Armour: Robe              |     2 |     2 |    12 |    22 |    17 |     2 ||    57
  Dodge: Dodged            |    14 |    17 |    38 |    52 |    75 |    14 ||   210
  Block: Other             |       |       |       |     3 |     2 |       ||     5

Table legend: (Time is in decaauts)
 A = Elapsed time spent in this place.
 B = Non-inter-level travel time spent in this place.
 C = Inter-level travel time spent in this place.
 D = Time resting spent in this place.
 E = Time spent auto-exploring this place.
 F = Levels seen in this place.
 G = Mean time per level.
                   A        B        C        D        E       F      G
               +--------+--------+--------+--------+--------+-----+--------+
         Total |  31502 |  29985 |   1517 |   8176 |  17164 |  26 | 1211.6 |
       Dungeon |  17715 |  16766 |    949 |   3866 |  10424 |  15 | 1181.0 |
        Temple |     56 |     41 |     15 |      0 |     28 |   1 |   56.0 |
          Lair |  10062 |   9650 |    412 |   3541 |   4749 |   5 | 2012.4 |
     Snake Pit |   1334 |   1292 |     42 |    417 |    594 |   2 |  667.0 |
  Orcish Mines |   1450 |   1353 |     97 |    144 |    852 |   2 |  725.0 |
         Sewer |    882 |    882 |      0 |    207 |    515 |   1 |  882.0 |
               +--------+--------+--------+--------+--------+-----+--------+

Top non-repeatable levels by time:
  Lair:5: 3009 daAuts
  Lair:4: 2555 daAuts
     D:8: 2332 daAuts
    D:11: 1755 daAuts
     D:1: 1639 daAuts
  Lair:1: 1629 daAuts
  Lair:2: 1490 daAuts
    D:10: 1421 daAuts
  Lair:3: 1378 daAuts
     D:2: 1338 daAuts
 Snake:1: 1327 daAuts
     D:9: 1227 daAuts
     D:7: 1103 daAuts
     D:6: 1067 daAuts
    D:14: 1024 daAuts
